 Dungeon Crawl Stone Soup version 0.27-a0-1219-g958d993ae5 (webtiles) character file.

Game seed: 6030898105980616272

158 bande the Shield-Bearer (level 5, -1/33 HPs)
             Began as a Gargoyle Fighter on June 6, 2021.
             Slain by a necrophage (6 damage)
             ... on level 4 of the Dungeon.
             The game lasted 00:05:24 (3244 turns).

bande the Shield-Bearer (Gargoyle Fighter)          Turns: 3244, Time: 00:05:25

Health: -1/33      AC: 13    Str: 20    XL:     5   Next: 39%
Magic:  5/5        EV:  5    Int:  8    God:
Gold:   96         SH: 10    Dex:  8    Spells: 4/4 levels left

rFire    . . .     SeeInvis .   a - +0 war axe
rCold    . . .     Faith    .   c - +1 kite shield
rNeg     + . .     Spirit   .   p - +0 chain mail
rPois    ∞         Reflect  .   (no helmet)
rElec    +         Harm     .   (no cloak)
rCorr    .         Rampage  .   (no gloves)
Will     .....                  (no boots)
Stlth    ..........             (no amulet)
HPRegen  0.11/turn              (no ring)
MPRegen  0.09/turn              (no ring)

@: no status effects
A: sickness immunity, AC +4, negative energy resistance 1, electricity
resistance, torment resistance 1, petrification resistance, clumsy 1, mutation
resistance 1
a: no special abilities


You were on level 4 of the Dungeon.
You visited 1 branch of the dungeon, and saw 4 of its levels.

You collected 96 gold pieces.

Inventory:

Hand Weapons
 a - a +0 war axe (weapon)
 f - a +0 flail
 g - a +0 flail
Missiles
 l - a throwing net (quivered)
Armour
 c - a +1 kite shield (worn)
 p - a +0 chain mail (worn)
Jewellery
 n - a ring of flight
Wands
 h - a wand of iceblast (7)
Scrolls
 e - 2 scrolls of summoning {unknown}
 i - a scroll of blinking {unknown}
 k - a scroll of vulnerability {unknown}
 m - 2 scrolls of enchant weapon {unknown}
 o - a scroll of magic mapping
Potions
 d - a potion of might
 j - a potion of invisibility


   Skills:
 + Level 3.7 Fighting
 + Level 3.1 Axes
 + Level 4.1 Armour
 + Level 0.7 Dodging
 + Level 4.4 Shields


You had 4 spell levels left.
You didn't know any spells.
Your spell library contained the following spells:

 Spells                   Type           Power      Damage    Failure   Level
 Magic Dart               Conj           0%         1d3       100%        1
 Searing Ray              Conj           0%         3d3       100%        2
 Dazzling Flash           Conj/Hex       0%         N/A       100%        3
 Ignite Poison            Fire/Tmut/Pois 0%         N/A       100%        3
 Fulminant Prism          Conj/Hex       0%         3d6       100%        4
 Iskenderun's Mystic Bla  Conj/Tloc      0%         2d3       100%        4
 Fireball                 Conj/Fire      0%         3d3       100%        5
 Starburst                Conj/Fire      0%         8x6d3     100%        6
 Ignition                 Fire           0%         3d3       100%        8


Dungeon Overview and Level Annotations

Branches:
Dungeon (4/15)
 Temple: D:4-7

Altars:


Innate Abilities, Weirdness & Mutations

You are immune to sickness and miasma.
Your stone body is resilient. (AC +4)
You are immune to poison.
You resist negative energy. (rN+)
You are resistant to electric shocks. (rElec)
You are resistant to unholy torment.
You are immune to petrification.
You are clumsy. (Dex -2)
You are somewhat resistant to further mutation.


Message History

You hit the necrophage.
The necrophage is moderately damaged.
The necrophage hits you.
You are too injured to fight recklessly!
You are too injured to fight recklessly!
You are too injured to fight recklessly!
You are too injured to fight recklessly!
You are too injured to fight recklessly!
You are too injured to fight recklessly!
You are too injured to fight recklessly!
You closely miss the necrophage.
The necrophage is moderately damaged.
The necrophage barely misses you. The necrophage hits you.
You closely miss the necrophage.
The necrophage is moderately damaged.
The necrophage completely misses you.
Your chain mail prevents you from hitting the necrophage.
The necrophage is moderately damaged.
The necrophage hits you.
The necrophage hits you but does no damage.
You barely miss the necrophage.
The necrophage is moderately damaged.
You block the necrophage's attack.
You hit the necrophage.
The necrophage is heavily damaged.
The necrophage hits you but does no damage. x2
You hit the necrophage.
The necrophage is heavily damaged.
The necrophage hits you but does no damage.
You closely miss the necrophage.
The necrophage is heavily damaged.
The necrophage hits you.
* * * LOW HITPOINT WARNING * * *
The necrophage hits you.
* * * LOW HITPOINT WARNING * * *
You barely miss the necrophage.
The necrophage is heavily damaged.
The necrophage hits you but does no damage.
The necrophage hits you.
You die...

##############
$............##
........#.....#
#..>...<@n....#
.....##.#.....#
.## ...........
###.##......
#.# .##### #..
.# #.. # .$.


You could see a necrophage.

Vanquished Creatures
  A bullfrog skeleton (D:2)
  An iguana (D:2)
  2 adders (D:2)
  A worm (D:3)
  2 dart slugs
  3 orcs (D:3)
  4 endoplasms
  3 giant cockroaches
  9 goblins
  5 hobgoblins
  13 jackals
  3 kobolds (D:1)
  3 quokkas
  7 ball pythons
  3 bats
  A frilled lizard (D:3)
  9 rats
70 creatures vanquished.

Notes
Turn   | Place    | Note
-------+----------+-------------------------------------------
     0 | D:1      | bande the Gargoyle Fighter began the quest for the Orb.
     0 | D:1      | Reached XP level 1. HP: 14/14 MP: 1/1
   205 | D:1      | Reached XP level 2. HP: 13/19 MP: 2/2
   306 | D:1      | You fall into a shaft and drop 1 floor!
   334 | D:2      | Reached XP level 3. HP: 23/23 MP: 3/3
   394 | D:2      | Reached XP level 4. HP: 7/28 MP: 4/4
  1943 | D:2      | Reached XP level 5. HP: 33/33 MP: 5/5
  2001 | D:2      | Upgraded the game from 0.27-a0-1217-g8a41f320e8 to
                  | 0.27-a0-1219-g958d993ae5
  2055 | D:3      | Gained mutation: You are clumsy. (Dex -2) [potion of
                  | mutation]
  2055 | D:3      | Gained mutation: You are somewhat resistant to further
                  | mutation. [potion of mutation]
  2703 | D:3      | Found a faded altar of an unknown god.
  3228 | D:4      | Noticed a necrophage
  3244 | D:4      | Slain by a necrophage

Illustrated notes

Levels and vault maps discovered:
D:1:      scummos_arrival_gate, layout_loops_ring, minmay_misc_feat_cross,
          skrybe_limestone_x
D:2:      layout_loops_ring
D:3:      layout_basic, basic_ecumenical_altar, due_unseen_surprise
D:4:      black_bear_nest_1, layout_loops_ring,
          chequers_temple_overflow_statue_of_worship, uniq_crazy_yiuf_cottage

Skill      XL: |  1  2  3  4  5 |
---------------+----------------+-----
Axes           | 2 3 |  3.1
Shields        | 4 |  4.4
Armour         | 4 |  4.1
Fighting       | |  3.7
Dodging        | |  0.7

Action                   |  1- 3 |  4- 6 || total
-------------------------+-------+-------++-------
Melee: War axe           |    59 |   160 ||   219
  Use: Scroll            |     3 |     5 ||     8
       Potion            |       |     1 ||     1
Armor: Scale mail        |    53 |    84 ||   137
       Chain mail        |       |     7 ||     7
Dodge: Dodged            |    27 |    49 ||    76
Block: Kite shield       |    46 |    88 ||   134

Table legend: (Time is in decaauts)
 A = Elapsed time spent in this place.
 B = Non-inter-level travel time spent in this place.
 C = Inter-level travel time spent in this place.
 D = Time resting spent in this place.
 E = Time spent auto-exploring this place.
 F = Levels seen in this place.
 G = Mean time per level.
                   A        B        C        D        E       F      G
               +--------+--------+--------+--------+--------+-----+--------+
         Total |   3372 |   3334 |     38 |    319 |   2225 |   4 |  843.0 |
       Dungeon |   3372 |   3334 |     38 |    319 |   2225 |   4 |  843.0 |
               +--------+--------+--------+--------+--------+-----+--------+

Top non-repeatable levels by time:
     D:3: 1223 daAuts
     D:2: 1078 daAuts
     D:1: 1048 daAuts
     D:4: 23 daAuts
